[Event "Champions Showdown Kings Blitz 2019-C"]
[Site "Saint Louis"]
[Date "2019.02.22"]
[Round "7"]
[White "Navara, David"]
[Black "So, Wesley"]
[Result "1-0"]
[ECO "E20"]
[WhiteElo "2738"]
[BlackElo "2765"]
[Annotator "RC"]
[PlyCount "109"]
[EventDate "2019.02.09"]
[EventType "match"]
[EventCountry "USA"]
[SourceTitle "playchess.com"]
[Source "ChessBase"]
[SourceQuality "1"]
[TimeControl "900+10"]

1. d4 Nf6 2. c4 e6 3. Nc3 Bb4 4. Nf3 c5 5. g3 cxd4 6. Nxd4 O-O 7. Bg2 d5 8. O-O dxc4 9. Qa4 Na6 10. Ndb5 Nd5 11. Rd1 Qe8 12. Nxd5 exd5 13. Rxd5 Bd7 14. Be3 Bc6 15. Rf5 Bxg2 16. Kxg2 Qc6+ 17. Kg1 Be7 18. Nc3 Qxa4 19. Nxa4 g6 20. Rd5 Bf6 21. Rc1 Rfc8 22. Rd7 b5 23. Rd6 bxa4 24. Rxf6 Nb4 25. Rf4 Nd5 26. Rfxc4 Rxc4 27. Rxc4 Nxe3 28. fxe3 Rb8 29. Rxa4 Rxb2 30. Kf2 Rb7 31. g4 Kg7 32. Ra6 Kf8 33. Kf3 Re7 34. Kf4 Kg7 35. h4 Rb7 36. a4 Rb4+ 37. e4 Rb7 38. e5 Rb4+ 39. e4 Rb7 40. e6 Kf6 41. g5+ Ke7 42. exf7 Kxf7 43. Ke5 Ke7 44. Rc6 Rd7 45. a5 Rb7 46. a6 Rb5+ 47. Kf4 Kd7 48. Rf6 Ke7 49. h5 gxh5 50. Rh6 Kf7 51. Rxh7+ Kg6 52. Rxa7 Ra5 53. Ra8 h4 54. a7 Kg7 55. Kg4 1-0